 Dungeon Crawl Stone Soup version 0.31.0-32-g396128a36d (webtiles) character file.

Game seed: 1419828449779735851

2676 tizbic2 the Protected (level 9, -7/56 HPs)
             Began as a Gargoyle Fighter on Apr 14, 2024.
             Was an Elder of Qazlal.
             Mangled by Jeremiah
             ... wielding a +4 trident of draining
              (11 damage)
             ... on level 8 of the Dungeon.
             The game lasted 00:22:11 (5393 turns).

tizbic2 the Protected (Gargoyle Fighter)            Turns: 5393, Time: 00:22:11

Health: -7/56      AC: 25    Str: 24    XL:     9   Next: 64%
Magic:  12/12      EV: 12    Int:  9    God:    Qazlal [****..]
Gold:   149        SH:  0    Dex:  9    Spells: 8/8 levels left

rFire   . . .        a - +0 flail (venom)
rCold   . . .        c - +0 buckler
rNeg    + . .        L - +1 plate armour {rPois}
rPois   ∞            (no helmet)
rElec   +            l - +0 cloak
rCorr   .            (no gloves)
SInv    .            C - +1 pair of boots
Will    +....        (no amulet) Stlth
                     i - ring of willpower
HPRegen 0.29/turn    z - +5 ring of evasion
MPRegen 0.13/turn

%: repel missiles
@: confused, ambrosia-drunk, studying Armour
A: sickness immunity, AC +6, negative energy resistance 1, electricity
resistance, torment resistance 1, petrification resistance
a: Renounce Religion, Upheaval, Elemental Force


You were on level 8 of the Dungeon.
You worshipped Qazlal.
Qazlal was greatly pleased with you.
You visited 1 branch of the dungeon, and saw 8 of its levels.

You collected 499 gold pieces.
You spent 350 gold pieces at shops.

Inventory:

Hand Weapons
 a - a +0 flail of venom (weapon)
 g - a +0 dagger of protection
 A - a +6 vampiric dagger
Missiles
 f - 9 boomerangs
 u - 18 poisoned darts (quivered)
Armour
 c - a +0 buckler (worn)
 l - a +0 cloak (worn)
 B - a +2 ring mail of fire resistance
 C - a +1 pair of boots (worn)
 L - a +1 plate armour of poison resistance (worn)
Jewellery
 i - a ring of willpower (left hand)
 k - a +6 ring of strength
 v - a ring of flight
 z - a +5 ring of evasion (right hand)
 F - a ring of ice
 G - a +6 ring of dexterity
Wands
 o - a wand of flame (46)
 w - a wand of iceblast (10)
 I - a wand of charming (6)
Scrolls
 p - a scroll of fog {unknown}
 r - 2 scrolls of brand weapon
 s - a scroll of enchant weapon {unknown}
 t - a scroll of immolation {unknown}
 x - 3 scrolls of blinking {unknown}
 y - a scroll of enchant armour {unknown}
 D - a scroll of revelation
 E - a scroll of vulnerability {unknown}
 H - 2 scrolls of teleportation
 K - a scroll of identify
Potions
 b - a potion of berserk rage {unknown}
 d - a potion of might
 e - a potion of attraction
 h - 3 potions of magic
 m - a potion of cancellation
 q - a potion of degeneration {unknown}
 J - a potion of mutation {unknown}


   Skills:
 + Level 6.6 Fighting
 + Level 3.1 Short Blades
 - Level 4.1 Maces & Flails
 + Level 3.2 Throwing
 * Level 9.1 Armour
 + Level 7.7 Shields
 + Level 4.2 Invocations


You had 8 spell levels left.
You didn't know any spells.
Your spell library contained the following spells:

 Spells                   Type           Power      Damage    Failure   Level
 Freeze                   Ice            0%         1d3       99%         1
 Kiss of Death            Conj/Necr      0%         2d5       99%         1
 Slow                     Hex            0%         N/A       99%         1
 Confusing Touch          Hex            0%         N/A       100%        3
 Frozen Ramparts          Ice            0%         1d1       100%        3
 Hailstorm                Conj/Ice       0%         3d5       100%        3
 Sigil of Binding         Hex            0%         N/A       100%        3
 Tukima's Dance           Hex            0%         N/A       100%        3
 Vampiric Draining        Necr           0%         2d6       100%        3
 Dimensional Bullseye     Hex/Tloc       0%         N/A       100%        4
 Dispel Undead            Necr           0%         3d6       100%        4
 Iskenderun's Mystic Bla  Conj/Tloc      0%         2d3       100%        4


Dungeon Overview and Level Annotations

Branches:
Dungeon (8/15)             Temple (0/1) D:6
   Lair: D:8-11

Altars:
Elyvilon
Fedhas
Hepliaklqana
Qazlal
Ru
Wu Jian
Xom

Shops:
D:3 *   D:5 !(=[

Annotations:
D:8 Jeremiah


Innate Abilities, Weirdness & Mutations

You are immune to sickness and miasma.
Your stone body is resilient. (AC +6)
You are immune to poison.
You resist negative energy. (rN+)
You are resistant to electric shocks. (rElec)
You are resistant to unholy torment.
You are immune to petrification.


Message History

Press: ? - help, Shift-Dir - straight line, f - Jeremiah
Aim: Jeremiah, wielding a +4 trident of draining, wearing a +0 robe and wearing an orb of energy (60% to hit)
The puff of flame hits the butterfly.
You kill the butterfly!
The butterfly disappears in a burst of colours! x3
The butterfly is engulfed in blazing flames.
You kill the butterfly!
The butterfly disappears in a burst of colours!
The butterfly is engulfed in freezing vapours.
You kill the butterfly!
The butterfly disappears in a burst of colours!
The butterfly is engulfed in freezing vapours.
You kill the butterfly!
The butterfly disappears in a burst of colours!
Jeremiah barely misses you.
You miss the butterfly.
The butterfly disappears in a burst of colours!
The butterfly is engulfed in freezing vapours.
You kill the butterfly!
The butterfly disappears in a burst of colours!
You block Jeremiah's attack.
You miss the butterfly.
The butterfly disappears in a burst of colours!
The butterfly is engulfed in freezing vapours.
You kill the butterfly!
The butterfly disappears in a burst of colours!
Jeremiah hits you but does no damage.
You barely miss the butterfly.
The butterfly disappears in a burst of colours!
You block Jeremiah's attack.
You sock the butterfly!
You kill the butterfly!
The butterfly disappears in a burst of colours!
Jeremiah hits you from afar with a +4 trident of draining!
* * * LOW HITPOINT WARNING * * *
You are confused.
You feel invigorated.
Jeremiah hits you from afar with a +4 trident of draining!
You die...
Jeremiah asks, "What happened?
Did... did you die?"

#.#######...#.#
#>.........<#.#
#..######...#b#
#..#
##.##.#####.#
#..#
#..b.......#
#..#
####b#######
...# #Fbb.....
##.##


#bbbbb... #.# ########@####### #.......)....# ..######)###.# #.# ... .#..#
#.#... # #..## #.#. You could see Jeremiah.

Vanquished Creatures
  A hornet (D:7)
  Sigmund (D:4)
  A steam dragon (D:6)
  Duvessa (D:5)
  A black bear (D:5)
  An ice beast (D:7)
  A sky beast (D:7)
  2 orc warriors
  2 ogres
  2 phantoms
  2 bullfrogs (D:7)
  A gnoll sergeant (D:6)
  A kobold brigand (D:7)
  Dowan (D:5)
  3 killer bees (D:7)
  A howler monkey (D:5)
  2 hounds (D:5)
  2 orc priests (D:7)
  A jelly (D:7)
  Crazy Yiuf (D:4)
  3 iguanas
  3 sleepcaps
  3 orc wizards
  A mummy (D:5)
  11 gnolls
  9 adders
  2 white imps (D:5)
  3 ufetubi (D:7)
  2 dart slugs
  21 orcs
  6 ball pythons
  4 endoplasms (D:2)
  8 giant cockroaches
  32 goblins
  22 hobgoblins
  10 jackals
  16 kobolds
  4 quokkas
  5 bats
  4 frilled lizards
  3 kobold zombies (D:5)
  An orc zombie (D:5)
  8 rats
209 creatures vanquished.

Notes
Turn   | Place    | Note
-------+----------+-------------------------------------------
     0 | D:1      | tizbic2 the Gargoyle Fighter began the quest for the Orb.
     0 | D:1      | Reached XP level 1. HP: 14/14 MP: 1/1
    82 | D:1      | Reached XP level 2. HP: 19/19 MP: 2/2
   277 | D:1      | Reached XP level 3. HP: 23/23 MP: 3/3
  1060 | D:2      | Reached XP level 4. HP: 29/29 MP: 4/4
  1387 | D:3      | Found a faded altar of an unknown god.
  1393 | D:3      | Prayed at the altar of an unknown god.
  1393 | D:3      | Became a worshipper of Qazlal Stormbringer
  1393 | D:3      | Reached * piety under Qazlal
  1433 | D:3      | Found Qogatear's Assorted Antiques.
  1450 | D:3      | Bought a large brass ring for 130 gold pieces
  1473 | D:3      | Reached skill level 4 in Armour
  1492 | D:3      | You fall into a shaft and drop 3 floors!
  1553 | D:6      | Noticed a phantom
  1568 | D:6      | Killed a phantom
  1569 | D:6      | Reached XP level 5. HP: 33/33 MP: 5/5
  1577 | D:5      | Entered Level 5 of the Dungeon
  1577 | D:5      | Noticed an ogre
  1656 | D:6      | Found a staircase to the Ecumenical Temple.
  1705 | D:4      | Reached skill level 5 in Shields
  1716 | D:4      | Noticed Sigmund
  1737 | D:4      | Killed Sigmund
  1738 | D:4      | Reached XP level 6. HP: 28/39 MP: 6/6
  1792 | D:3      | Found an ornate altar of the Wu Jian Council.
  1800 | D:3      | Found a sacrificial altar of Ru.
  1858 | D:3      | Found a white marble altar of Elyvilon.
  1974 | D:3      | Reached ** piety under Qazlal
  2120 | D:3      | Reached XP level 7. HP: 27/44 MP: 7/7
  2466 | D:3      | Reached skill level 1 in Invocations
  2470 | D:3      | Found a hazy altar of Hepliaklqana.
  2495 | D:3      | Reached *** piety under Qazlal
  2867 | D:4      | Found a runed translucent door.
  2868 | D:4      | Noticed Crazy Yiuf
  2877 | D:4      | Killed Crazy Yiuf
  3067 | D:4      | Found a shimmering altar of Xom.
  3092 | D:4      | Found a blossoming altar of Fedhas.
  3148 | D:5      | Reached skill level 5 in Fighting
  3172 | D:5      | Noticed Dowan
  3173 | D:5      | Noticed Duvessa
  3185 | D:5      | Killed Duvessa
  3186 | D:5      | Reached skill level 5 in Armour
  3202 | D:5      | Killed Dowan
  3314 | D:5      | Found Tyb Munu's Antique Armour Shoppe.
  3315 | D:5      | Found Opsonimi's Jewellery Shoppe.
  3317 | D:5      | Found Derant's Distillery.
  3317 | D:5      | Found Qenop's Weapon Shoppe.
  3333 | D:5      | Bought a pair of glowing boots for 172 gold pieces
  3337 | D:5      | Bought 2 boomerangs for 48 gold pieces
  3390 | D:5      | Reached **** piety under Qazlal
  3391 | D:5      | Reached skill level 1 in Throwing
  3391 | D:5      | Reached XP level 8. HP: 49/49 MP: 9/9
  4018 | D:5      | Reached skill level 1 in Short Blades
  4211 | D:6      | Reached skill level 6 in Armour
  4557 | D:7      | Reached skill level 7 in Armour
  4567 | D:7      | Reached XP level 9. HP: 48/55 MP: 11/11
  4772 | D:7      | Reached skill level 8 in Armour
  4828 | D:7      | Noticed a hornet
  4836 | D:7      | Killed a hornet
  5155 | D:7      | Reached skill level 9 in Armour
  5315 | D:8      | Noticed Jeremiah
  5392 | D:8      | HP: 1/56 [Jeremiah/+4 trident of draining (9)]
  5393 | D:8      | Mangled by Jeremiah

Illustrated notes

Levels and vault maps discovered:
D:1:      zelgadis_glass_arrival_small, layout_rooms, serial_glass,
          glass_columns_a, glass_columns_b, glass_columns_b, glass_columns_b,
          glass_columns_b, glass_columns_c, glass_columns_b, glass_columns_a
D:2:      minmay_razor_zed, layout_basic
D:3:      minmay_goblin_kobold_castle, layout_basic,
          nicolae_hepliaklqana_hazy_memory, general_overflow_altar,
          mainiacjoe_overflow_big_doors, hellmonk_ecumenical_altar_run_dry,
          serial_shops, shop_statue
D:4:      layout_cave_pools, mainiacjoe_overflow_two_lobes, minivault_23,
          uniq_crazy_yiuf_cottage, uniq_sigmund
D:5:      layout_basic, corexii_item_surrounded_by_moat,
          minmay_shop_grid_forest, nrook_pool_corridor,
          serial_library_hellmonk_narrow_alcove, minmay_mini_ossuary,
          uniq_duvessa
D:6:      layout_gridville, minmay_temple_entry_statues_fountains,
          grunt_decor_fettered, uniq_eustachio
D:7:      layout_layer_cave, minmay_checkerbox
D:8:      layout_loops_ring, mainiacjoe_overflow_surrounded_room,
          erik_lair_dragon, uniq_jeremiah

Skill      XL: |  1  2  3  4  5  6  7  8  9 |
---------------+----------------------------+-----
Shields        | 4 5 6 7 |  7.7
Fighting       | 4 5 6 |  6.6
Armour         | 4 5 7 9 |  9.1
Maces & Flails | 3 4 |  4.1
Invocations    | 2 3 4 |  4.2
Throwing       | 1 2 3 |  3.2
Short Blades   | 2 3 |  3.1

Action                     |  1- 3 |  4- 6 |  7- 9 || total
---------------------------+-------+-------+-------++-------
  Melee: Dagger            |   108 |   139 |   201 ||   448
         Flail             |     3 |    15 |   277 ||   295
  Evoke: Wand              |       |       |     1 ||     1
    Use: Scroll            |     3 |     1 |     5 ||     9
         Potion            |       |       |     1 ||     1
 Armour: Scale mail        |    88 |   158 |    82 ||   328
         Plate armour      |       |       |    83 ||    83
         Ring mail         |       |       |   116 ||   116
  Dodge: Dodged            |    62 |    91 |   313 ||   466
         Repelled          |       |       |     1 ||     1
  Block: Buckler           |    26 |    68 |   305 ||   399
